 Dungeon Crawl Stone Soup version 0.29.0-13-gc9e81de378 (webtiles) character file.

Game seed: 13080631156626513087

15460 groovy9 the Basher (level 12, -17/108 HPs)
             Began as a Minotaur Berserker on Sept 8, 2022.
             Was an Elder of Trog.
             Killed from afar by an ice dragon (18 damage)
             ... with a blast of cold
             ... on level 11 of the Dungeon on Sept 9, 2022.
             The game lasted 01:13:25 (13345 turns).

groovy9 the Basher (Minotaur Berserker)            Turns: 13345, Time: 01:13:25

Health: -17/108    AC: 17    Str: 26    XL:     12   Next: 1%
Magic:  11/11      EV:  9    Int:  4    God:    Trog [****..]
Gold:   465        SH:  0    Dex:  7    Spells: 11/11 levels left

rFire   . . .      SeeInvis +   a - +5 battleaxe (drain)
rCold   . . .      Faith    .   (shield currently unavailable)
rNeg    . . .      Spirit   .   M - +1 storm dragon scales
rPois   .          Reflect  .   (helmet restricted)
rElec   +          Harm     .   (no cloak)
rCorr   .          Rampage  .   (no gloves)
Will    ++...                   H - +0 pair of boots
Stlth   ..........              F - amulet of regeneration
HPRegen 2.88/turn               n - +4 ring of slaying
MPRegen 0.12/turn               l - ring of see invisible

@: strong-willed, on berserk cooldown, regenerating, slowed, very slow
A: horns 2, retaliatory headbutt, clumsy 2, deterioration 1, regeneration 1
a: Renounce Religion, Berserk, Trog's Hand, Brothers in Arms


You were on level 11 of the Dungeon.
You worshipped Trog.
Trog was greatly pleased with you.
You visited 4 branches of the dungeon, and saw 15 of its levels.

You collected 1763 gold pieces.
You spent 1298 gold pieces at shops.

Inventory:

Hand Weapons
 a - a +5 battleaxe of draining (weapon)
 b - the +6 flail of Plunder {venom, rF+ MP+9 Stlth+}
   (You took it off a goblin on level 2 of the Dungeon)

   It poisons the flesh of those it strikes.
   rF:        It protects you from fire.
   MP:        It affects your magic capacity (+9).
   Stlth:     It makes you more stealthy.
Missiles
 j - 12 javelins (quivered)
 q - a throwing net
Armour
 E - a +0 kite shield
 H - a +0 pair of boots (worn)
 I - a +3 scale mail of poison resistance
 M - +1 storm dragon scales (worn)
Jewellery
 f - a ring of protection from fire
 i - a ring of willpower
 l - a ring of see invisible (right hand)
 n - a +4 ring of slaying (left hand)
 A - a +4 ring of evasion
 F - an amulet of regeneration (around neck)
 G - a ring of protection from cold
 Q - a ring of flight
Scrolls
 d - 4 scrolls of fear
 e - a scroll of blinking
 h - 2 scrolls of summoning
 k - 2 scrolls of identify
 u - 8 scrolls of teleportation
 v - a scroll of immolation
 z - 6 scrolls of silence
 C - a scroll of magic mapping
Potions
 c - 2 potions of ambrosia
 g - a potion of berserk rage
 m - a potion of cancellation
 p - 2 potions of lignification
 s - 4 potions of attraction
 t - 3 potions of curing
 w - 3 potions of resistance
 x - 2 potions of heal wounds
 D - a potion of haste


   Skills:
 - Level 10.8 Fighting
 * Level 6.3(10.8) Axes
 - Level 13.5(14.1) Maces & Flails
 - Level 9.4 Throwing
 - Level 10.9 Armour
 - Level 2.1 Dodging


You had 11 spell levels left.
You didn't know any spells.
Your spell library was empty.

Dungeon Overview and Level Annotations

Branches:
Dungeon (11/15)            Temple (1/1) D:6             Orc (2/2) D:9
    Elf (1/3) Orc:2
   Lair: D:8-11

Altars:
Dithmenos
Hepliaklqana
Xom
The Shining One

Shops:
Orc:1 ?   Orc:2 (**?

Annotations:
Orc:2 1 transporter, pdpol's ghost, journeyman GrEE


Innate Abilities, Weirdness & Mutations

You have a pair of horns on your head.
You reflexively headbutt those who attack you in melee.
You are very clumsy. (Dex -4)
Your body sometimes deteriorates upon taking damage.
Your natural rate of healing is unusually fast.


Message History

You slice the ice dragon!! Your headbutt misses the ice dragon.
The ice dragon is heavily wounded.
You slice the boulder beetle!!
The boulder beetle bites you but does no damage.
The ice dragon bites you!
The ice dragon claws you but does no damage.
The ice dragon tramples you!
You hold your ground!
You slice the ice dragon!! You drain the ice dragon.
The ice dragon is almost dead.
You slice the boulder beetle!!
You are no longer berserk.
You are exhausted.
You feel yourself slow down. The boulder beetle closely misses you.
The ice dragon bites you but does no damage.
The ice dragon claws you. The ice dragon tramples you!
You stumble backwards!
You hit the ice dragon but do no damage.
You drain the ice dragon.
The ice dragon is almost dead.
The ice dragon breathes frost at you. The blast of cold hits you!!
* * * LOW HITPOINT WARNING * * *
You feel much better. The ice dragon completely misses you.
The ice dragon barely misses you.
The ice dragon tramples you but does no damage.
The boulder beetle bites you but does no damage.
The ice dragon breathes frost at you. The blast of cold hits you!!!
* * * LOW HITPOINT WARNING * * *
The boulder beetle leaps!
You completely miss the ice dragon.
The ice dragon is almost dead.
The ice dragon bites you but does no damage.
The ice dragon claws you.
* * * LOW HITPOINT WARNING * * *
The ice dragon tramples you!
* * * LOW HITPOINT WARNING * * *
You stumble backwards!
The ice dragon breathes frost at you. The blast of cold hits you!!
You die...

#.......#
#.#
#..######
#.# # #.##
#.##
.##..#
#..#
....##
##.# ....
#.# ....
#.## #..#
##@.##
##.D..##
#.°....#
#......##
##.......#
#........#
#..B...~~#
#.....~~~#
#~..~~~~~#


You could see an ice dragon (catching breath, drained) and a boulder beetle
(drained).

Vanquished Creatures
  A two-headed ogre (Orc:2)
  2 orc high priests (Orc:2)
  6 orc sorcerers
  A gargoyle (D:5)
  2 komodo dragons (D:10)
  A kobold demonologist (D:9)
  2 trolls
  2 hornets
  A shadow (D:11)
  6 yaks
  3 wargs
  An acid dragon (D:8)
  2 water moccasins
  25 orc warriors
  2 sky beasts
  An ice beast (D:8)
  3 ogres
  2 centaurs
  A phantom (D:5)
  A kobold brigand (D:10)
  3 bullfrogs
  5 gnoll sergeants (D:6)
  A scorpion (D:6)
  4 wights (D:10)
  24 killer bees
  2 electric eels (D:10)
  6 howler monkeys
  4 hounds
  A jelly (D:6)
  Crazy Yiuf (D:3)
  27 orc priests
  3 iguanas (D:5)
  3 gnoll boudas
  Ijyb (D:5)
  Terence (D:3)
  43 orc wizards
  11 gnolls
  5 adders
  A white imp (D:6)
  A worm (D:2)
  5 dart slugs
  93 orcs
  9 endoplasms
  4 giant cockroaches
  10 goblins
  7 hobgoblins
  4 jackals (D:1)
  10 kobolds
  7 quokkas
  5 ball pythons
  6 bats
  4 frilled lizards
  5 rats
381 creatures vanquished.

Notes
Turn   | Place    | Note
-------+----------+-------------------------------------------
     0 | D:1      | groovy9 the Minotaur Berserker began the quest for the Orb.
     0 | D:1      | Reached XP level 1. HP: 19/19 MP: 0/0
    64 | D:1      | Reached XP level 2. HP: 24/26 MP: 1/1
   301 | D:1      | Reached skill level 5 in Axes
   420 | D:1      | Reached ** piety under Trog
   468 | D:1      | Reached XP level 3. HP: 30/31 MP: 2/2
   504 | D:1      | Found a faded altar of an unknown god.
   637 | D:1      | Gained mutation: You have a pair of large horns on your
                  | head. [potion of mutation]
   637 | D:1      | Gained mutation: You are somewhat resistant to further
                  | mutation. [potion of mutation]
   767 | D:2      | Identified the +6 flail of Plunder {venom, rF+ MP+9 Stlth+}
  1806 | D:2      | Reached XP level 4. HP: 39/39 MP: 3/3
  1962 | D:3      | Identified the +2 robe "Notoug" {Rampage rF++ Int+3 Dex-2}
  1994 | D:3      | Noticed Terence
  2002 | D:3      | Killed Terence
  2003 | D:3      | Reached skill level 1 in Maces & Flails
  2062 | D:3      | Reached skill level 2 in Maces & Flails
  2070 | D:3      | Found a glowing golden altar of the Shining One.
  2070 | D:3      | Found a shimmering altar of Xom.
  2101 | D:3      | Reached skill level 3 in Maces & Flails
  2104 | D:3      | Reached XP level 5. HP: 42/45 MP: 4/4
  2398 | D:3      | Reached skill level 4 in Maces & Flails
  2645 | D:3      | Found a runed translucent door.
  2646 | D:3      | Noticed Crazy Yiuf
  2651 | D:3      | Killed Crazy Yiuf
  2923 | D:4      | Noticed an ogre
  2926 | D:3      | Reached skill level 5 in Maces & Flails
  2941 | D:3      | Killed an ogre
  2942 | D:3      | Reached XP level 6. HP: 51/51 MP: 5/5
  2976 | D:4      | Reached skill level 6 in Maces & Flails
  3043 | D:4      | Noticed a hornet
  3048 | D:4      | Paralysed by a hornet for 2 turns
  3050 | D:4      | Killed a hornet
  3051 | D:4      | Reached skill level 7 in Maces & Flails
  3051 | D:4      | Reached XP level 7. HP: 51/57 MP: 6/6
  3244 | D:4      | Reached skill level 8 in Maces & Flails
  3760 | D:4      | Reached skill level 9 in Maces & Flails
  4066 | D:5      | Entered Level 5 of the Dungeon
  4114 | D:5      | Noticed a gargoyle
  4142 | D:5      | Killed a gargoyle
  4143 | D:5      | Reached skill level 10 in Maces & Flails
  4143 | D:5      | Reached XP level 8. HP: 64/64 MP: 7/7
  4478 | D:5      | Noticed a troll
  4494 | D:5      | Killed a troll
  4495 | D:5      | Reached skill level 11 in Maces & Flails
  4547 | D:5      | Noticed Ijyb
  4568 | D:5      | Killed Ijyb
  4643 | D:5      | Reached skill level 12 in Maces & Flails
  5438 | D:6      | Reached XP level 9. HP: 70/70 MP: 7/8
  5595 | D:6      | Reached skill level 13 in Maces & Flails
  5669 | D:6      | Reached *** piety under Trog
  5895 | D:6      | Found a staircase to the Ecumenical Temple.
  5906 | Temple   | Entered the Ecumenical Temple
  6673 | D:7      | Reached skill level 1 in Throwing
  6813 | D:7      | Reached skill level 5 in Fighting
  6824 | D:7      | Found a flagged portal.
  7465 | D:8      | Identified the +0 robe "Jeep" {Regen+ Str+5 Dex+4}
  8286 | D:9      | Reached XP level 10. HP: 80/90 MP: 9/9
  8290 | D:9      | Reached **** piety under Trog
  8524 | D:9      | Reached skill level 5 in Throwing
  8647 | D:9      | Reached skill level 10 in Fighting
  8668 | D:9      | Found a hazy altar of Hepliaklqana.
  8669 | D:9      | Found a shadowy altar of Dithmenos.
  8740 | D:9      | Lost mutation: You are somewhat resistant to further
                  | mutation. [potion of mutation]
  8740 | D:9      | Lost mutation: You have a pair of large horns on your head.
                  | [potion of mutation]
  8740 | D:9      | Gained mutation: You are somewhat resistant to further
                  | mutation. [potion of mutation]
  8741 | D:9      | Lost mutation: You are somewhat resistant to further
                  | mutation. [potion of mutation]
  8741 | D:9      | Gained mutation: Your natural rate of healing is unusually
                  | fast. [potion of mutation]
  8741 | D:9      | Gained mutation: You are clumsy. (Dex -2) [potion of
                  | mutation]
  8741 | D:9      | Lost mutation: You are clumsy. (Dex -2) [potion of
                  | mutation]
  8801 | D:9      | Found a staircase to the Orcish Mines.
  9369 | Orc:1    | Entered Level 1 of the Orcish Mines
  9679 | D:10     | Entered Level 10 of the Dungeon
  9706 | D:10     | Identified the +0 robe of the Hanged Man {rN++ Int+4 Dex-4}
 10021 | D:10     | Reached skill level 5 in Armour
 10087 | D:10     | Identified the +2 ring mail "Ucum" {-Tele Rampage Int+4}
 10533 | D:9      | Reached XP level 11. HP: 92/93 MP: 10/10
 10637 | Orc:1    | Reached ***** piety under Trog
 11000 | Orc:1    | Found Masoh's Magic Scroll Shoppe.
 11104 | Orc:2    | Entered Level 2 of the Orcish Mines
 11227 | Orc:2    | Noticed an orc sorcerer
 11237 | Orc:2    | Killed an orc sorcerer
 11240 | Orc:2    | Noticed an orc sorcerer
 11296 | Orc:2    | Paralysed by an orc sorcerer for 5 turns
 11310 | Orc:1    | Killed an orc sorcerer
 11380 | Orc:2    | Noticed an orc sorcerer
 11388 | Orc:2    | Killed an orc sorcerer
 11408 | Orc:2    | Noticed an orc sorcerer
 11417 | Orc:2    | Gained mutation: You are clumsy. (Dex -2) [a neqoxec]
 11438 | Orc:2    | Gained mutation: You are very clumsy. (Dex -4) [a neqoxec]
 11443 | Orc:2    | Paralysed by an orc sorcerer for 3 turns
 11451 | Orc:2    | Killed an orc sorcerer
 11500 | Orc:2    | Noticed an orc high priest
 11507 | Orc:2    | Noticed a soul eater
 11514 | Orc:2    | Killed an orc high priest
 11675 | Orc:2    | Noticed an orc sorcerer
 11688 | Orc:2    | Killed an orc sorcerer
 11744 | Orc:2    | Noticed a two-headed ogre
 11756 | Orc:2    | Killed a two-headed ogre
 11757 | Orc:2    | Reached skill level 10 in Armour
 11808 | Orc:2    | Found Qesoef's Magic Scroll Shop.
 11808 | Orc:2    | Found Xithretov's General Store.
 11809 | Orc:2    | Found Cishoba's Antique Weapon Boutique.
 11813 | Orc:2    | Found Qeafoj's General Store.
 11816 | Orc:2    | Bought a scroll of enchant armour for 90 gold pieces
 11816 | Orc:2    | Bought a scroll of enchant weapon for 90 gold pieces
 11816 | Orc:2    | Bought a scroll of enchant weapon for 90 gold pieces
 11898 | Orc:2    | Found a transporter.
 11908 | Orc:2    | Noticed pdpol's ghost (journeyman GrEE)
 11926 | Orc:2    | Noticed an orc high priest
 11971 | Orc:2    | Noticed a soul eater
 11972 | Orc:2    | Killed an orc high priest
 12052 | Orc:2    | Received a gift from Trog
 12147 | Orc:2    | Bought a scroll of acquirement for 728 gold pieces
 12147 | Orc:2    | Acquired 541 gold pieces
 12181 | Orc:2    | Found a staircase to the Elven Halls.
 12237 | Elf:1    | Entered Level 1 of the Elven Halls
 12237 | Elf:1    | Noticed a deep elf zephyrmancer
 12284 | Orc:2    | Found a transporter.
 12575 | Orc:2    | Noticed an orc sorcerer
 12581 | Orc:2    | Killed an orc sorcerer
 12676 | Orc:2    | Gained mutation: Your body sometimes deteriorates upon
                  | taking damage. [a neqoxec]
 12827 | Orc:1    | Bought a scroll of enchant weapon for 90 gold pieces
 12918 | Orc:2    | Bought a scroll of enchant weapon for 105 gold pieces
 12918 | Orc:2    | Bought a scroll of enchant weapon for 105 gold pieces
 13200 | D:11     | Reached XP level 12. HP: 108/108 MP: 11/11
 13326 | D:11     | Noticed an ice dragon
 13326 | D:11     | Noticed a boulder beetle
 13345 | D:11     | HP: 1/108 [ice dragon (7)]
 13345 | D:11     | Killed from afar by an ice dragon

Illustrated notes

Levels and vault maps discovered:
D:1:      wander_arrival_desolate, layout_rooms, basic_ecumenical_altar
D:2:      layout_loops_cross, roderic_lattice_a
D:3:      layout_loops_cross, chequers_temple_overflow_statue_of_worship,
          minmay_misc_feat_columns, small_statue_intersection,
          minmay_misc_feat_ornament, uniq_crazy_yiuf_cottage, uniq_terence
D:4:      layout_loops_ring
D:5:      layout_cave_pods, uniq_ijyb
D:6:      layout_basic, minmay_temple_entry_glassed_door,
          pf_guarded_unrand_woodcutter
D:7:      layout_loops_ring, serial_glass, glass_columns_a, glass_columns_a,
          enter_bailey_5
D:8:      layout_basic
D:9:      layout_irregular_city, riverfiend_overflow_shadow_ancestor,
          david_orc_1_choice, minivault_26
D:10:     cheibrodos_helix_gallery, layout_long_grid
D:11:     dragon1_lemuel, layout_layer_cave, david_lair_generic,
          nicolae_concentric_dashed_squares_wild, st_stairs_11,
          eino_house_with_fridge
Temple:   dpeg_five_rooms_temple
Orc:1:    layout_diamond_mine, serial_shops, shop, mines2_david
Orc:2:    st_orc_mages, layout_caves, gammafunk_ghost_stat_death
Elf:1:    eino_elf_arrival_altar, layout_loops_corners, minivault_28

Skill      XL: |  1  2  3  4  5  6  7  8  9 10 11 |
---------------+----------------------------------+-----
Axes           | 4 5 6 |  6.3
Maces & Flails | 3 5 7 10 12 13 | 13.5
Fighting       | 8 10 | 10.8
Throwing       | 4 6 9 |  9.4
Armour         | 6 10 | 10.9
Dodging        | |  2.1

Action                   |  1- 3 |  4- 6 |  7- 9 | 10-12 || total
-------------------------+-------+-------+-------+-------++-------
Melee: Hand axe          |    44 |    20 |       |       ||    64
       Headbutt          |     7 |    11 |    29 |    60 ||   107
       Flail             |    22 |    33 |   168 |   162 ||   385
       Punch             |       |     1 |       |     2 ||     3
       Battleaxe         |       |       |     3 |   188 ||   191
 Fire: Sling             |    10 |       |    10 |       ||    20
Throw: Stone             |     2 |       |       |       ||     2
       Javelin           |       |       |       |    10 ||    10
Invok: Berserk           |     1 |     4 |     5 |    15 ||    25
       Trog's Hand       |       |     2 |     5 |    19 ||    26
  Use: Scroll            |     5 |     4 |    10 |    13 ||    32
       Potion            |     2 |     1 |     2 |    11 ||    16
 Stab: Sleeping          |       |       |     1 |       ||     1
Armor: Animal skin       |     6 |       |       |       ||     6
       Leather armour    |     3 |       |       |       ||     3
       Chain mail        |    13 |    24 |    19 |       ||    56
       Ring mail         |     6 |       |       |       ||     6
       Troll leather arm |       |       |     6 |       ||     6
       Robe              |       |       |     3 |     8 ||    11
       Storm dragon scal |       |       |       |    93 ||    93
       Scale mail        |       |       |       |    91 ||    91
Dodge: Dodged            |    29 |    12 |    53 |   197 ||   291
